 Dungeon Crawl Stone Soup version 0.31.0-1-g2c135a0 (webtiles) character file.

Game seed: 14920608569131981619

3 edsrzf the Slasher (level 1, -1/14 HPs)
             Began as an Octopode Reaver on Feb 1, 2024.
             Slain by a kobold
             ... wielding a +0 club
              (4 damage)
             ... on level 1 of the Dungeon.
             The game lasted 00:00:32 (194 turns).

edsrzf the Slasher (Octopode Reaver)                 Turns: 194, Time: 00:00:33

Health: -1/14      AC:  1    Str: 11    XL:     1   Next: 50%
Magic:  3/3        EV: 13    Int: 15    God:
Gold:   23         SH:  0    Dex: 10    Spells: 3/4 levels left

rFire   . . .        a - +0 falchion
rCold   . . .        (no shield)
rNeg    . . .        (helmet restricted)
rPois   .            (no amulet)
rElec   .            (no ring)
rCorr   .            (no ring)
SInv    .            (no ring)
Will    .....        (no ring)
Stlth   ++           (no ring)
HPRegen 0.22/turn    (no ring)
MPRegen 0.08/turn    (no ring)
                     (no ring)

%: no passive effects
@: no status effects
A: almost no armour, amphibious, 8 rings, camouflage 1, gelatinous body 1,
(nimble swimmer 1), tentacles
a: no special abilities


You were on level 1 of the Dungeon.
You visited 1 branch of the dungeon, and saw 1 of its levels.

You collected 23 gold pieces.

Inventory:

Hand Weapons
 a - a +0 falchion (weapon)
Scrolls
 b - a scroll of revelation {unknown}


   Skills:
 - Level 2.0 Fighting
 + Level 3.1 Long Blades
 - Level 2.0 Dodging
 + Level 1.0 Stealth
 - Level 2.0 Spellcasting
 - Level 3.0 Conjurations


You had 3 spell levels left.
You knew the following spells:

 Your Spells              Type           Power      Damage    Failure   Level
a - Kiss of Death         Conj/Necr      24%        2d7       12%         1

Your spell library contained the following spells:

 Spells                   Type           Power      Damage    Failure   Level
 Momentum Strike          Conj/Tloc      12%        3d8       19%         2
 Hailstorm                Conj/Ice       6%         3d5       34%         3


Dungeon Overview and Level Annotations

Branches:
Dungeon (1/15)

Altars:


Innate Abilities, Weirdness & Mutations

You cannot wear most types of armour.
You are amphibious.
You can wear up to eight rings at the same time.
Your skin changes colour to match your surroundings (Stealth+).
Your rubbery body absorbs attacks. (AC +1, EV +1)
((You are camouflaged when in or above water. (Stealth+)))
You have tentacles for arms and can constrict up to eight enemies at once.


Message History

Welcome, edsrzf the Octopode Reaver.
The heart of this dungeon contains the astounding artefact, the Orb of Zot.
Press ? for a list of commands and other information.
Found a staircase leading out of the dungeon.
Autoexplore enabled for D:1
Found a ring mail.
You see here a +0 ring mail.
You now have 8 gold pieces.
Found a chain mail.
You see here a +0 chain mail.
You see here a +0 chain mail.
A hobgoblin comes into view.
You see here a scroll labelled LERCHE XOHESCHA.
b - a scroll labelled LERCHE XOHESCHA The hobgoblin shouts!
The hobgoblin hits you.
You slash the hobgoblin!
You kill the hobgoblin!
HP restored.
Found a faded altar of an unknown god.
Found a club.
There is a faded altar of an unknown god here.
This altar belongs to (a) Uskayaw, (b) Hepliaklqana or (c) Qazlal, but you can't tell which.
Press the corresponding letter to learn more about a god, or press enter to convert or escape to cancel.
Okay, then.
Found a pair of boots.
A ball python comes into view.
A bat comes into view.
The bat barely misses you.
You miss the bat. Your grab misses the bat. The bat closely misses you.
The bat hits you.
You closely miss the bat. You grab the bat.
You squeeze the bat, but do no damage. You constrict the bat. The bat hits you.
The bat escapes!
The bat hits you.
You hit the bat but do no damage. Your grab misses the bat.
Your squeeze misses the bat.
The bat is moderately wounded.
The bat barely misses you. The bat barely misses you.
You miss the bat. Your grab misses the bat.
The bat is moderately wounded.
The ball python hisses angrily.
The bat closely misses you.
You barely miss the bat. Your grab misses the bat.
The bat is moderately wounded.
The bat closely misses you. The bat hits you but does no damage.
You closely miss the ball python. You grab the ball python.
You squeeze the ball python.
You kill the ball python!
The bat closely misses you. The bat hits you but does no damage.
You hit the bat.
You kill the bat!
Found a stone staircase leading down.
You see here a ball python corpse.
Found 15 gold pieces.
Found a runed quarterstaff.
A rat comes into view.
You now have 23 gold pieces (gained 15).
The rat squeaks loudly.
A hobgoblin, a kobold and a frilled lizard come into view.
The hobgoblin shouts!
The kobold shouts!
The frilled lizard hisses angrily.
Found an escape hatch in the floor.
Found a stone staircase leading down.
You hit the rat. Your grab misses the rat.
The rat is moderately wounded.
The rat barely misses you.
You slash the rat!
You kill the rat!
Your Stealth skill increases to level 1!
You hit the frilled lizard but do no damage.
Your grab misses the frilled lizard. The frilled lizard barely misses you.
The kobold hits you with a +0 club.
You closely miss the frilled lizard. Your grab misses the frilled lizard.
The kobold hits you with a +0 club. The frilled lizard barely misses you.
You hit the frilled lizard. Your grab misses the frilled lizard.
The frilled lizard is heavily wounded.
The kobold hits you with a +0 club.
* * * LOW HITPOINT WARNING * * *
The frilled lizard barely misses you. The frilled lizard bites you.
* * * LOW HITPOINT WARNING * * *
The kobold hits you with a +0 club.
You die...

##.....# .......# #.....#
#...l.# ###...g.#### ####
...........# #8..
###.....##l### ########.#.
.......gK@#.># #......#...
>.......##.#.# #.#####....
...)...###.#.###.#####....
...........#.#†...........
>............†............
......####.#.#.#.#####....
##...# #.#.#.#.# ##...
##.# #.#.#.#.# #^#)
#.#.#.#.## #8^.


You could see a hobgoblin, a kobold and a frilled lizard.

Vanquished Creatures
  A hobgoblin (D:1)
  A ball python (D:1)
  A bat (D:1)
  A rat (D:1)
4 creatures vanquished.

Notes
Turn   | Place    | Note
-------+----------+-------------------------------------------
     0 | D:1      | edsrzf the Octopode Reaver began the quest for the Orb.
     0 | D:1      | Reached XP level 1. HP: 14/14 MP: 3/3
   127 | D:1      | Found a faded altar of an unknown god.
   192 | D:1      | Reached skill level 1 in Stealth
   194 | D:1      | Slain by a kobold

Illustrated notes

Levels and vault maps discovered:
D:1:      dpeg_arrival_round_b, layout_loops_ring,
          shapermc_ecumenical_altar_mp_highgroup, minmay_misc_feat_cross

Skill      XL: |  1 |
---------------+----+-----
Stealth        | 1 |  1.0
Fighting       | |  2.0
Long Blades    | |  3.1
Dodging        | |  2.0
Spellcasting   | |  2.0
Conjurations   | |  3.0

Action                     || total
---------------------------++-------
  Melee: Falchion          ||    13
         Constrict         ||     2
         Tentacles         ||     2
 Armour: Skin              ||    11
  Dodge: Dodged            ||    11
